 Dungeon Crawl Stone Soup version 0.31-a0-208-gdb31a4691d (webtiles) character file.

Game seed: 9150381793872697820

877 TrayleKats the Shield-Bearer (level 8, -9/62 HPs)
             Began as a Formicid Fighter on June 28, 2023.
             Killed by divine providence
             ... invoked by an orc priest
              (14 damage)
             ... on level 5 of the Dungeon.
             The game lasted 00:05:56 (6217 turns).

TrayleKats the Shield-Bearer (Formicid Fighter)     Turns: 6217, Time: 00:05:57

Health: -9/62      AC:  4    Str: 22    XL:     8   Next: 25%
Magic:  8/8        EV:  6    Int:  9    God:
Gold:   209        SH:  6    Dex: 13    Spells: 7/7 levels left

rFire   . . .        a - +0 war axe
rCold   . . .        c - +0 buckler
rNeg    . . .        k - +0 plate armour
rPois   .            (helmet unavailable)
rElec   .            (no cloak)
rCorr   .            (no gloves)
SInv    +            t - +0 pair of boots
Will    .....        (no amulet) Stlth
                     (no ring)
HPRegen 0.30/turn    (no ring)
MPRegen 0.11/turn

%: no passive effects
@: corroded
A: permanent stasis, dig shafts and tunnels, antennae 3, four strong arms
a: Dig, Shaft Self


You were on level 5 of the Dungeon.
You visited 1 branch of the dungeon, and saw 5 of its levels.

You collected 261 gold pieces.
You spent 52 gold pieces at shops.

Inventory:

Hand Weapons
 a - a +0 war axe (weapon)
Missiles
 g - 6 poisoned darts (quivered)
 u - 3 atropa-tipped darts
Armour
 c - a +0 buckler (worn)
 k - a +0 plate armour (worn)
 t - a +0 pair of boots (worn)
Jewellery
 p - a ring of ice
Scrolls
 e - a scroll of amnesia
 i - 2 scrolls of fear
 j - a scroll of enchant weapon
 l - a scroll of noise
 m - 3 scrolls of teleportation {unknown}
 r - 3 scrolls of identify
Potions
 d - a potion of might
 f - a potion of resistance {unknown}
 h - a potion of cancellation
 n - a potion of enlightenment {unknown}
 o - 2 potions of degeneration {unknown}
 q - 2 potions of haste {unknown}
 s - a potion of heal wounds {unknown}


   Skills:
 + Level 5.1 Fighting
 * Level 5.3 Axes
 + Level 3.1 Throwing
 - Level 3.6 Armour
 * Level 7.7 Shields


You had 7 spell levels left.
You didn't know any spells.
Your spell library contained the following spells:

 Spells                   Type           Power      Damage    Failure   Level
 Magic Dart               Conj           0%         1d3       100%        1
 Sting                    Tmut/Pois      0%         1d3       100%        1
 Lesser Beckoning         Tloc           0%         N/A       100%        2
 Poisonous Vapours        Pois/Air       0%         N/A       100%        2
 Searing Ray              Conj           0%         2d4       100%        2
 Dazzling Flash           Conj/Hex       0%         N/A       100%        3
 Gell's Gravitas          Tloc           0%         N/A       100%        3
 Teleport Other           Tloc           0%         N/A       100%        3
 Fulminant Prism          Conj/Hex       0%         3d5       100%        4
 Olgreb's Toxic Radiance  Pois           0%         N/A       100%        4
 Agony                    Necr           0%         N/A       100%        5
 Silence                  Hex/Air        0%         N/A       100%        5
 Summon Forest            Summ/Tloc      0%         N/A       100%        5
 Eringya's Noxious Bog    Tmut/Pois      0%         N/A       100%        6
 Summon Hydra             Summ           0%         N/A       100%        7


Dungeon Overview and Level Annotations

Branches:
Dungeon (5/15)             Temple (0/1) D:5

Altars:
Kikubaaqudgha
Okawaru
Trog

Shops:
D:3 ?   D:5 :


Innate Abilities, Weirdness & Mutations

You cannot be hasted, slowed, berserked, paralysed or teleported.
You can dig through walls and to a lower floor.
You have a pair of large antennae on your head. (SInv)
Your four strong arms can wield two-handed weapons with a shield.


Message History

You slash the orc priest!
The orc priest is severely wounded.
You hit the orc priest but do no damage.
The orc priest hits you with a +0 hand axe.
The orc priest hits you with a +0 short sword.
You are too injured to fight recklessly!
You are too injured to fight recklessly!
You are too injured to fight recklessly!
You barely miss the orc priest.
The orc priest is severely wounded.
You hit the orc priest but do no damage.
The orc priest hits you with a +0 short sword.
The orc priest looks encouraged for a moment.
The orc wizard mumbles some strange words.
The orc wizard flickers and vanishes for a moment.
You hit the orc priest but do no damage.
The orc priest is severely wounded.
You hit the orc priest.
The orc priest invokes the aid of Beogh against you.
Beogh smites you!
* * * LOW HITPOINT WARNING * * *
The orc priest hits you with a +0 hand axe.
* * * LOW HITPOINT WARNING * * *
The orc priest attacks as you move away!
The orc priest hits you with a +0 short sword.
* * * LOW HITPOINT WARNING * * *
The orc priest casts a cantrip, but nothing happens.
The orc priest attacks as you move away!
The orc priest hits you with a +0 hand axe.
* * * LOW HITPOINT WARNING * * *
The orc priest calls upon Beogh to heal the orc priest.
You feel better.
The orc priest calls down the wrath of Beogh upon you.
The orc wizard writhes in agony!
The orc priest mumbles some strange prayers to Beogh against you.
Beogh smites you!
* * * LOW HITPOINT WARNING * * *
The orc priest mumbles some strange prayers to Beogh against you.
Beogh smites you!
You die...

#.# #.# ### #)# #.
...###.####### #..
#..##.......# ####
.... #...#######.#
#...
...o###...####...#
##### #.##
............##.###
#...# #.##
#.oo..#...##@#
#...# #...
#..>..###o...#
#...######.
.#.....#.o.####
####..........
........o..##
#...#'###..#.#
....###...##
#.#.#.###..#.. ...
#?...#
#.#.....#..### #
#..#.#
#.##..#.#..#..
...##.#
########.#..#.#
.### #.#
##.#.#.#..####.#


You could see 2 orc priests and an orc wizard (invisible).

Vanquished Creatures
  A black bear (D:5)
  An ice beast (D:3)
  2 scorpions
  2 hounds
  2 jellies (D:5)
  2 orc priests (D:4)
  5 orc wizards
  7 adders
  9 gnolls
  A white imp (D:4)
  A worm (D:3)
  3 dart slugs
  18 orcs
  2 bats
  4 endoplasms
  10 hobgoblins
  12 jackals
  8 kobolds
  3 quokkas
  2 ball pythons
  6 frilled lizards
  9 goblins
  3 rats
113 creatures vanquished.

Notes
Turn   | Place    | Note
-------+----------+-------------------------------------------
     0 | D:1      | TrayleKats the Formicid Fighter began the quest for the
                  | Orb.
     0 | D:1      | Reached XP level 1. HP: 18/18 MP: 1/1
    79 | D:1      | Reached XP level 2. HP: 18/24 MP: 2/2
   204 | D:1      | Reached XP level 3. HP: 29/29 MP: 3/3
   687 | D:2      | Reached XP level 4. HP: 25/37 MP: 4/4
  1669 | D:3      | Reached skill level 1 in Throwing
  1669 | D:3      | Reached skill level 5 in Shields
  1718 | D:3      | Reached XP level 5. HP: 42/42 MP: 5/5
  1856 | D:3      | Found Adego's Magic Scroll Boutique.
  1861 | D:3      | Bought a scroll of identify for 26 gold pieces
  1861 | D:3      | Bought a scroll of identify for 26 gold pieces
  1981 | D:3      | Noticed an ice beast
  1994 | D:3      | Killed an ice beast
  1995 | D:3      | Reached XP level 6. HP: 21/48 MP: 6/6
  2312 | D:3      | Found a bloodstained altar of Trog.
  2860 | D:4      | Reached skill level 6 in Shields
  3396 | D:4      | Reached XP level 7. HP: 29/43 MP: 7/7
  4354 | D:4      | Identified the +6 mace of Action {heavy, rN+ Will+}
  5117 | D:5      | Entered Level 5 of the Dungeon
  5205 | D:5      | Reached skill level 7 in Shields
  5387 | D:5      | Found an ancient bone altar of Kikubaaqudgha.
  5420 | D:4      | You fall into a shaft and drop 1 floor!
  5784 | D:5      | Found Juasm's Book Shoppe.
  5793 | D:5      | Reached skill level 5 in Axes
  5793 | D:5      | Reached XP level 8. HP: 44/60 MP: 8/8
  5939 | D:5      | Reached skill level 5 in Fighting
  6084 | D:5      | Found an iron altar of Okawaru.
  6199 | D:5      | Found a staircase to the Ecumenical Temple.
  6217 | D:5      | Killed from afar by an orc priest

Illustrated notes

Levels and vault maps discovered:
D:1:      ncdulo_watergridlock, layout_rooms, amcnicky_mini_pool_small,
          corexii_corridor_pit
D:2:      layout_basic, chequers_serial_rivers_micro_d,
          kennysheep_generic_room_7
D:3:      layout_loops_ring, lemuel_crystal_altar, serial_shops, shop,
          dreamdust_princess_bridge, minmay_quadrilaterals
D:4:      layout_layer_cave, hangedman_decor_points
D:5:      layout_basic, okawaru_altar_gauntlet_db,
          nicolae_kikubaaqudgha_miasma_corner, minmay_temple_entry_tees,
          serial_shops, nicolae_book_shop_shelving

Skill      XL: |  1  2  3  4  5  6  7  8 |
---------------+-------------------------+-----
Axes           | 3 4 5 |  5.3
Throwing       | 1 2 3 |  3.1
Shields        | 5 6 7 |  7.7
Fighting       | 4 5 |  5.1
Armour         | |  3.6

Action                     |  1- 3 |  4- 6 |  7- 9 || total
---------------------------+-------+-------+-------++-------
  Melee: War axe           |    79 |   141 |   126 ||   346
  Throw: Dart              |     1 |       |       ||     1
Ability: Dig               |       |     2 |     1 ||     3
         Shaft Self        |       |       |     1 ||     1
    Use: Scroll            |       |     7 |       ||     7
         Potion            |       |     2 |     1 ||     3
 Armour: Scale mail        |    36 |       |       ||    36
         Plate armour      |       |   103 |    85 ||   188
  Dodge: Dodged            |    46 |    39 |    25 ||   110
  Block: Buckler           |    28 |    37 |    40 ||   105

Table legend: (Time is in decaauts)
 A = Elapsed time spent in this place.
 B = Non-inter-level travel time spent in this place.
 C = Inter-level travel time spent in this place.
 D = Time resting spent in this place.
 E = Time spent auto-exploring this place.
 F = Levels seen in this place.
 G = Mean time per level.
                   A        B        C        D        E       F      G
               +--------+--------+--------+--------+--------+-----+--------+
         Total |   6336 |   6038 |    298 |   1833 |   3306 |   5 | 1267.2 |
       Dungeon |   6336 |   6038 |    298 |   1833 |   3306 |   5 | 1267.2 |
               +--------+--------+--------+--------+--------+-----+--------+

Top non-repeatable levels by time:
     D:4: 2311 daAuts
     D:3: 1309 daAuts
     D:5: 1116 daAuts
     D:2: 1059 daAuts
     D:1: 539 daAuts
